 Dungeon Crawl Stone Soup: Circus Animals version v1.3.0-269-g8eee7be (webtiles) character file.

1836 MuMo the Shield-Bearer (level 7, -1/47 HPs) *NIGHTMARE*
             Began as a Djinni Fighter on Apr 23, 2016.
             Was a Believer of Okawaru.
             Slain by an orc
             ... wielding a +0 whip
              (4 damage)
             ... on level 4 of the Dungeon.
             The game lasted 00:09:16 (3406 turns).

MuMo the Shield-Bearer (Djinni Fighter)             Turns: 3406, Time: 00:09:16

Health: -1/47      AC: 10    Str: 18    XL:     7   Next: 6%
Magic:  0/0        EV:  8    Int:  8    God:    Okawaru [**....]
Gold:   108        SH:  5    Dex: 13    Spells: 0 memorised, 6 levels left

rFire  . . .     SeeInvis .     a - +0 long sword
rCold  x . .     Gourm    .     d - +0 chain mail
rNeg   . . .     Faith    .     f - +0 buckler
rPois  .         Spirit   .     g - +0 helmet
rElec  .         Dismiss  .     (no cloak)
rCorr  .         Reflect  .     (no gloves)
SustAt .         Harm     .     (boots unavailable)
MR     .....                    (no amulet)
Stlth  ..........               (no ring)
                                (no ring)

@: flying, glowing, slow, not resistant to hostile enchantments, extremely
unstealthy
A: cold vulnerability 1, subdued magic 1, no stealth, insightful 1, glowing 1,
ephemeral 2
a: Remove Curse, Heroism, Renounce Religion


You were on level 4 of the Dungeon.
You worshipped Okawaru.
Okawaru was pleased with you.
You were not hungry.

You visited 1 branch of the dungeon, and saw 4 of its levels.

You collected 108 gold pieces.

Inventory:

Hand Weapons
 a - a +0 long sword (weapon)
Armour
 b - a +0 scale mail
 c - a +0 shield
 d - a +0 chain mail (worn)
 e - a +0 hat
 f - a +0 buckler (worn)
 g - a +0 helmet (worn)
Jewellery
 h - an uncursed ring of protection from magic
Comestibles
 f - 2 fruits
 g - a bread ration


   Skills:
 + Level 3.1 Fighting
 + Level 4.1 Long Blades
 + Level 4.0 Armour
 + Level 2.8 Dodging
 + Level 4.7 Shields


You had 6 spell levels left.
You didn't know any spells.

Dungeon Overview and Level Annotations

Branches:
Dungeon (4/15)
 Temple: D:4-7

Altars:
Dithmenos
Elyvilon
Okawaru


Innate Abilities, Weirdness & Mutations

You are healed by all types of fire, even holy and hellish.
Unarmed attacks will do fire damage.
Cold and water do twice as much damage to you.
You have no legs.
Fire heals you.
You are vulnerable to cold.
You cannot be stealthy.
You occasionally figure out what unidentified objects are.
You emit light, making it easier for others to see you.
Attacks sometimes pass right through you.
Your spells are a little easier to cast, but a little less powerful.


Message History

The orc passes right through your ephemeral form!
The orc completely misses you.
You closely miss the orc wizard.
The orc wizard is severely wounded.
The orc wizard hits you (1) with a dagger.
* * * LOW HITPOINT WARNING * * *
The orc passes right through your ephemeral form!
The orc hits you but does no damage.
You miss the orc wizard.
The orc wizard is severely wounded.
The orc wizard passes right through your ephemeral form!
The orc barely misses you. The orc hits you (2) with a war axe.
* * * LOW HITPOINT WARNING * * *
The orc wizard hits you but does no damage.
Unknown command.
You slash the orc wizard (12)!
You kill the orc wizard!
Okawaru accepts your kill. The orc hits you (4) with a whip.
You die...

.#####..>##....##
#..#
............#...#
#..#
.............#..##
##.#
.####........(...##
###
#.............#####
................[..#
..#....#.......#...##
###..####..##..##..#
##. #.###o@##### #.#
#o)# .. #..# #...
.... ...... ..#..#
#......


You could see 2 orcs.

Vanquished Creatures
  Eustachio (D:4)
  A scorpion (D:4)
  2 orc priests
  3 orc wizards
  Terence (D:3)
  Natasha (twice) (D:3)
  2 worker ants (D:3)
  8 gnolls
  7 adders
  A worm (D:2)
  A dart slug (D:1)
  2 giant geckos
  10 orcs
  6 giant cockroaches
  6 goblins
  12 hobgoblins
  4 kobolds
  8 bats
  4 giant newts
  8 rats
89 creatures vanquished.

Notes
Turn   | Place    | Note
--------------------------------------------------------------
     0 | D:1      | MuMo the Djinni Fighter began the quest for the Orb.
     0 | D:1      | Reached XP level 1. HP: 19/19 MP: 0/0
   114 | D:1      | Found an iron altar of Okawaru.
   128 | D:1      | Became a worshipper of Warmaster Okawaru
   244 | D:1      | Reached XP level 2. EP: 23/23
   815 | D:2      | Reached XP level 3. EP: 24/28
   822 | D:2      | Gained mutation: You emit light, making it easier for others to see you. [Djinni growth]
   822 | D:2      | Reached XP level 4. EP: 25/33
   903 | D:2      | Found a shadowy altar of Dithmenos.
  1279 | D:3      | Found a faded altar to an unknown god.
  1347 | D:3      | Reached XP level 5. EP: 35/37
  1657 | D:3      | Found a white marble altar of Elyvilon.
  1674 | D:3      | Reached * piety under Okawaru
  1759 | D:3      | Reached skill level 1 in Dodging
  1809 | D:3      | Noticed Natasha
  1816 | D:3      | Killed Natasha
  1993 | D:3      | Noticed Terence
  2015 | D:3      | Killed Terence
  2449 | D:3      | Noticed Natasha
  2450 | D:3      | Lost mutation: Attacks often pass right through you. [Djinni growth]
  2450 | D:3      | Reached XP level 6. EP: 39/42
  2457 | D:3      | Gained mutation: Your system is resistant to poisons. [potion of beneficial mutation]
  2461 | D:3      | Killed Natasha
  2961 | D:4      | Noticed Eustachio
  2987 | D:4      | Gained mutation: Your spells are a little easier to cast, but a little less powerful. [potion of mutation]
  2987 | D:4      | Lost mutation: Your system is resistant to poisons. [potion of mutation]
  3002 | D:4      | Killed Eustachio
  3276 | D:4      | Reached ** piety under Okawaru
  3371 | D:4      | Reached XP level 7. EP: 8/47
  3405 | D:4      | HP: 2/47 [orc/war axe (2)]
  3406 | D:4      | Slain by an orc

Skill      XL: |  1  2  3  4  5  6 |
---------------+-------------------+-----
Armour         | 3 4 |  4.0
Long Blades    | 3 4 |  4.1
Shields        | 4 |  4.7
Dodging        | 1 2 |  2.8
Fighting       | 3 |  3.1

Action                   |  1- 3 |  4- 6 |  7- 9 || total
-------------------------+-------+-------+-------++-------
Melee: Long sword        |    86 |   308 |    26 ||   420
  Use: Potion            |     2 |     8 |       ||    10
Armor: Scale mail        |     5 |       |       ||     5
       Chain mail        |    26 |   167 |    53 ||   246
Dodge: Dodged            |     4 |    71 |     6 ||    81
Block: Shield            |    57 |    19 |       ||    76
       Buckler           |       |   106 |    12 ||   118
